 Dungeon Crawl Stone Soup version 0.23.2-40-g277498a001 (webtiles) character file.

Game seed: 7458201179166684632

217 Amplified the Charmwright (level 5, -7/38 HPs)
             Began as a Gnoll Skald on Oct 2, 2019.
             Shot with an arrow by a centaur (10 damage)
             ... on level 4 of the Dungeon.
             The game lasted 00:04:06 (2874 turns).

Amplified the Charmwright (Gnoll Skald)             Turns: 2874, Time: 00:04:06

Health: -7/38      AC:  7    Str: 12 (15) XL:     5   Next: 94%
Magic:  12/12      EV: 29    Int: 14 (17) God:
Gold:   99         SH:  0    Dex: 13 (14) Spells: 3/14 levels left

rFire    + + .     SeeInvis .   g - +0 dagger of Ashenzari's Esteem {pierce, rPois rF+ MR+ Int+2} (curse)
rCold    + . .     Gourm    .   (no shield)
rNeg     . . .     Faith    .   b - +0 leather armour
rPois    +         Spirit   .   (no helmet)
rElec    +         Reflect  .   e - +0 cloak
rCorr    +         Harm     .   o - +2 pair of gloves
MR       ++...                  (no boots)
Stlth    ++........             n - amulet of the acrobat
HPRegen  0.12/turn              (no ring)
MPRegen  0.13/turn              (no ring)

@: resistant, acrobat
A: distributed training, fangs 1, frail 1, magic resistance 1, strong nose
a: no special abilities


You were on level 4 of the Dungeon.
You were not hungry.

You visited 1 branch of the dungeon, and saw 4 of its levels.

You collected 99 gold pieces.

Inventory:

Hand Weapons
 a - a +0 mace
 g - the cursed +0 dagger of Ashenzari's Esteem (weapon) {pierce, rPois rF+ MR+ Int+2}
   (You found it on level 4 of the Dungeon)

   It inflicts extra damage upon your enemies.
   It affects your intelligence (+2).
   It protects you from fire.
   It protects you from poison.
   It affects your resistance to hostile enchantments.
   It has a curse placed upon it.
Armour
 b - a +0 leather armour (worn)
 e - a +0 cloak (worn)
 o - a +2 pair of gloves (worn)
Jewellery
 n - an amulet of the acrobat (around neck)
Scrolls
 f - 2 scrolls of magic mapping
Potions
 m - a potion of resistance
Comestibles
 d - 3 rations


   Skills:
 + Level 4.8 Fighting
 + Level 1.6 Short Blades
 + Level 1.6 Long Blades
 + Level 1.6 Axes
 + Level 4.8 Maces & Flails
 + Level 1.6 Polearms
 + Level 1.6 Staves
 + Level 1.6 Slings
 + Level 1.6 Bows
 + Level 1.6 Crossbows
 + Level 1.6 Throwing
 + Level 3.1 Armour
 + Level 4.8 Dodging
 + Level 1.6 Stealth
 + Level 1.6 Shields
 + Level 1.6 Unarmed Combat
 + Level 5.2 Spellcasting
 + Level 1.3 Conjurations
 + Level 1.3 Hexes
 + Level 5.6 Charms
 + Level 1.3 Summonings
 + Level 1.3 Necromancy
 + Level 1.3 Translocations
 + Level 1.3 Transmutations
 + Level 1.3 Fire Magic
 + Level 1.3 Ice Magic
 + Level 1.3 Air Magic
 + Level 1.3 Earth Magic
 + Level 1.3 Poison Magic
 + Level 1.9 Invocations
 + Level 1.6 Evocations


You had 3 spell levels left.
You knew the following spells:

 Your Spells              Type           Power        Failure   Level  Hunger
a - Infusion              Chrm           ###.         2%          1    None
b - Song of Slaying       Chrm           ###.....     3%          2    ##.....
c - Shroud of Golubria    Chrm/Tloc      ##........   8%          2    ##.....
d - Regeneration          Chrm/Necr      ##........   16%         3    ###....
e - Spectral Weapon       Hex/Chrm       ##......     16%         3    ###....

Your spell library contained the following spells:

 Spells                   Type           Power        Failure   Level  Hunger


Dungeon Overview and Level Annotations

Branches:
Dungeon (4/15)
 Temple: D:4-7

Altars:
Xom

Annotations:
D:4 Pikel, Terence


Innate Abilities, Weirdness & Mutations

Your experience applies equally to all skills.
You have very sharp teeth.
Your uncanny sense of smell can sniff out nearby items.
You are frail. (-10% HP)
You are resistant to hostile enchantments. (MR+)


Message History

Unknown command.
Okay, then.
You feel protected.
The centaur shoots an arrow.
The arrow hits you but does no damage.
Unknown command.
The centaur shoots an arrow.
The arrow hits you but does no damage.
You see here an arrow.
A quokka comes into view.
The centaur shoots an arrow.
The arrow hits you.
* * * LOW HITPOINT WARNING * * *
You see here an arrow.
Unknown command.
The centaur shoots an arrow.
The arrow hits you.
* * * LOW HITPOINT WARNING * * *
The orc wizard casts a spell at you. The magic dart hits you.
* * * LOW HITPOINT WARNING * * *
You see here an arrow.
The centaur shoots an arrow.
The arrow hits you!
You die...

. . ... ..
.##+###... ...###
#........# #.....
#........# #.....
#.r(.....#∆ #.....
#........+ #.....
#........# #.....
#.@.(...(# #.....
#..(.....#####.....
####(..........####
#(.........
#(.........
#.co.......
#.oo.......
..........###+#
..........#


You could see a centaur, an orc wizard, an orc and a quokka.

Vanquished Creatures
  Crazy Yiuf (D:3)
  A hound (D:3)
  Natasha (thrice) (D:3)
  3 adders
  A worm (D:3)
  A dart slug (D:3)
  A leopard gecko (D:2)
  4 orcs (D:3)
  5 bats
  3 giant cockroaches
  5 goblins
  5 hobgoblins
  11 jackals
  2 kobolds (D:1)
  A quokka (D:3)
  5 frilled lizards
  3 rats
55 creatures vanquished.

Notes
Turn   | Place    | Note
-------+----------+-------------------------------------------
     0 | D:1      | Amplified the Gnoll Skald began the quest for the Orb.
     0 | D:1      | Reached XP level 1. HP: 20/20 MP: 6/6
   240 | D:1      | Reached XP level 2. HP: 21/26 MP: 7/7
   380 | D:1      | Learned a level 2 spell: Song of Slaying
   383 | D:1      | Learned a level 2 spell: Shroud of Golubria
   778 | D:2      | Reached XP level 3. HP: 28/31 MP: 9/9
   780 | D:2      | Reached skill level 5 in Spellcasting
  1054 | D:2      | Reached skill level 1 in Invocations
  1541 | D:3      | Reached skill level 1 in Short Blades
  1541 | D:3      | Reached skill level 1 in Long Blades
  1541 | D:3      | Reached skill level 1 in Axes
  1541 | D:3      | Reached skill level 1 in Polearms
  1541 | D:3      | Reached skill level 1 in Staves
  1541 | D:3      | Reached skill level 1 in Slings
  1541 | D:3      | Reached skill level 1 in Bows
  1541 | D:3      | Reached skill level 1 in Crossbows
  1541 | D:3      | Reached skill level 1 in Throwing
  1541 | D:3      | Reached skill level 1 in Stealth
  1541 | D:3      | Reached skill level 1 in Shields
  1541 | D:3      | Reached skill level 1 in Unarmed Combat
  1541 | D:3      | Reached skill level 1 in Evocations
  1617 | D:3      | Noticed Natasha
  1621 | D:3      | Gained mutation: You are frail. (-10% HP) [potion of
                  | mutation]
  1621 | D:3      | Gained mutation: You are resistant to hostile enchantments.
                  | (MR+) [potion of mutation]
  1625 | D:3      | Killed Natasha
  1625 | D:3      | Reached XP level 4. HP: 34/34 MP: 11/11
  1688 | D:3      | Found a shimmering altar of Xom.
  1779 | D:3      | Reached skill level 1 in Conjurations
  1779 | D:3      | Reached skill level 1 in Hexes
  1779 | D:3      | Reached skill level 1 in Summonings
  1779 | D:3      | Reached skill level 1 in Necromancy
  1779 | D:3      | Reached skill level 1 in Translocations
  1779 | D:3      | Reached skill level 1 in Transmutations
  1779 | D:3      | Reached skill level 1 in Fire Magic
  1779 | D:3      | Reached skill level 1 in Ice Magic
  1779 | D:3      | Reached skill level 1 in Air Magic
  1779 | D:3      | Reached skill level 1 in Earth Magic
  1779 | D:3      | Reached skill level 1 in Poison Magic
  1957 | D:3      | Learned a level 3 spell: Regeneration
  1961 | D:3      | Learned a level 3 spell: Spectral Weapon
  2400 | D:3      | Found a runed translucent door.
  2401 | D:3      | Noticed Crazy Yiuf
  2420 | D:3      | Killed Crazy Yiuf
  2420 | D:3      | Reached XP level 5. HP: 15/38 MP: 12/12
  2474 | D:3      | Noticed Natasha
  2494 | D:3      | Killed Natasha
  2500 | D:3      | Noticed Natasha
  2526 | D:3      | Killed Natasha
  2653 | D:3      | Noticed Terence
  2772 | D:4      | Noticed Pikel
  2772 | D:4      | Noticed a slave
  2772 | D:4      | Noticed a slave
  2772 | D:4      | Noticed a slave
  2782 | D:4      | Got a twisted dagger
  2785 | D:4      | Noticed a slave
  2789 | D:4      | Identified the cursed +0 dagger of Ashenzari's Esteem
                  | {pierce, rPois rF+ MR+ Int+2} (You found it on level 4 of
                  | the Dungeon)
  2867 | D:4      | Noticed a centaur
  2874 | D:4      | Shot with an arrow by a centaur

Skill      XL: |  1  2  3  4  5 |
---------------+----------------+-----
Spellcasting   | 5 |  5.2
Invocations    | 1 |  1.9
Short Blades   | 1 |  1.6
Long Blades    | 1 |  1.6
Axes           | 1 |  1.6
Polearms       | 1 |  1.6
Staves         | 1 |  1.6
Slings         | 1 |  1.6
Bows           | 1 |  1.6
Crossbows      | 1 |  1.6
Throwing       | 1 |  1.6
Stealth        | 1 |  1.6
Shields        | 1 |  1.6
Unarmed Combat | 1 |  1.6
Evocations     | 1 |  1.6
Conjurations   | 1 |  1.3
Hexes          | 1 |  1.3
Summonings     | 1 |  1.3
Necromancy     | 1 |  1.3
Translocations | 1 |  1.3
Transmutations | 1 |  1.3
Fire Magic     | 1 |  1.3
Ice Magic      | 1 |  1.3
Air Magic      | 1 |  1.3
Earth Magic    | 1 |  1.3
Poison Magic   | 1 |  1.3
Armour         | 3 |  3.1
Fighting       | |  4.8
Maces & Flails | |  4.8
Dodging        | |  4.8
Charms         | |  5.6

Action                   |  1- 3 |  4- 6 || total
-------------------------+-------+-------++-------
Melee: Mace              |   111 |    96 ||   207
       Bite              |    10 |    15 ||    25
       Dagger            |       |    18 ||    18
 Cast: Regeneration      |       |     2 ||     2
       Shroud of Golubri |       |     1 ||     1
  Use: Scroll            |     6 |    10 ||    16
       Potion            |     1 |     9 ||    10
 Stab: Sleeping          |     2 |       ||     2
  Eat: Chunk             |     1 |     2 ||     3
       Ration            |     1 |       ||     1
Armor: Leather armour    |    25 |    25 ||    50
Dodge: Dodged            |   117 |    81 ||   198
